 Dungeon Crawl Stone Soup version 0.29.1-13-g9f3cf754e1 (webtiles) character file.

Game seed: 11187117184884631422

3696 sankara the Basher (level 9, -1/83 HPs)
             Began as a Minotaur Fighter on Jan 20, 2023.
             Was a Follower of Ru.
             Slain by Maurice
             ... wielding a +0 short sword
              (4 damage)
             ... on level 8 of the Dungeon on Jan 21, 2023.
             The game lasted 00:22:23 (8385 turns).

sankara the Basher (Minotaur Fighter)               Turns: 8385, Time: 00:22:24

Health: -1/83      AC: 14    Str: 20    XL:     9   Next: 90%
Magic:  7/7        EV:  7    Int:  5    God:    Ru [*.....]
Gold:   0          SH:  6    Dex: 21    Spells: 8/8 levels left

rFire   . . .      SeeInvis .   a - +0 flail
rCold   + . .      Faith    .   c - +0 buckler
rNeg    . . .      Spirit   .   C - +2 steam dragon scales
rPois   .          Reflect  .   (helmet restricted)
rElec   .          Harm     .   t - +0 cloak
rCorr   .          Rampage  .   j - +0 pair of gloves
Will    .....                   A - +1 pair of boots
Stlth   ++........              (no amulet)
HPRegen 0.23/turn               x - ring of protection from cold
MPRegen 0.10/turn               L - +6 ring of dexterity

@: grasped by roots, constricted, studying Spellcasting
A: horns 2, low MP 1, missing an eye, retaliatory headbutt
a: Renounce Religion


You were on level 8 of the Dungeon.
You worshipped Ru.
Ru was aware of your devotion.
You visited 2 branches of the dungeon, and saw 9 of its levels.

You collected 285 gold pieces.
You spent 285 gold pieces at shops.

Inventory:

Hand Weapons
 a - a +0 flail (weapon)
 n - a +0 mace of draining
Missiles
 o - 4 poisoned darts (quivered)
 s - 3 atropa-tipped darts
 v - 2 boomerangs of dispersal
 O - 4 curare-tipped darts
Armour
 c - a +0 buckler (worn)
 j - a +0 pair of gloves (worn)
 p - a +1 leather armour of poison resistance
 t - a +0 cloak (worn)
 A - a +1 pair of boots (worn)
 B - a +0 chain mail
 C - +2 steam dragon scales (worn)
 N - the +0 chain mail "Garghero" {rF- rC+ Int+4}
   (You bought it in a shop on level 8 of the Dungeon)

   Int:       It affects your intelligence (+4).
   rF:        It makes you vulnerable to fire.
   rC:        It protects you from cold.
Jewellery
 x - a ring of protection from cold (left hand)
 L - a +6 ring of dexterity (right hand)
Wands
 u - a wand of charming (6)
 E - a wand of quicksilver (7)
 R - a wand of flame (12)
Scrolls
 b - 3 scrolls of enchant weapon {unknown}
 g - a scroll of noise {unknown}
 l - 7 scrolls of identify {unknown}
 m - 2 scrolls of immolation {unknown}
 q - 2 scrolls of amnesia {unknown}
 r - 6 scrolls of teleportation {unknown}
 y - 2 scrolls of vulnerability {unknown}
 F - a scroll of enchant armour {unknown}
 G - a scroll of poison {unknown}
 H - a scroll of blinking {unknown}
 I - a scroll of torment {unknown}
Potions
 d - 2 potions of heal wounds {unknown}
 e - 3 potions of curing {unknown}
 f - a potion of magic {unknown}
 h - a potion of lignification {unknown}
 i - a potion of degeneration {unknown}
 k - 2 potions of flight {unknown}
 J - 2 potions of might
 P - a potion of attraction {unknown}
 Q - a potion of brilliance {unknown}


   Skills:
 + Level 9.0 Fighting
 * Level 11.8 Maces & Flails
 + Level 2.0 Throwing
 + Level 9.0 Armour
 - Level 5.0 Shields


You had 8 spell levels left.
You didn't know any spells.
Your spell library contained the following spells:

 Spells                   Type           Power      Damage    Failure   Level
 Necrotise                Necr           0%         1d4       56%         1
 Ensorcelled Hibernation  Hex/Ice        0%         N/A       71%         2
 Passwall                 Tmut/Erth      0%         N/A       71%         2
 Ignite Poison            Fire/Tmut/Pois 0%         N/A       90%         3
 Mephitic Cloud           Conj/Pois/Air  0%         N/A       90%         3
 Swiftness                Air            0%         N/A       90%         3
 Vampiric Draining        Necr           0%         2d6       90%         3
 Agony                    Necr           0%         N/A       100%        5
 Freezing Cloud           Conj/Ice/Air   0%         6-21      100%        5


Dungeon Overview and Level Annotations

Branches:
Dungeon (8/15)             Temple (1/1) D:4            Lair (0/5) D:8

Altars:
Ashenzari
Cheibriados
Dithmenos
Elyvilon
Fedhas
Hepliaklqana
Makhleb
Nemelex Xobeh
Okawaru
Ru
Trog
Uskayaw
Vehumet
Xom
Yredelemnul
Zin
The Shining One

Shops:
D:7 [   D:8 [

Annotations:
D:2 exclusion: downstairs
D:8 Maurice


Innate Abilities, Weirdness & Mutations

You have a pair of horns on your head.
Your magical capacity is low. (-10% MP)
You are missing an eye, making it more difficult to aim.
You reflexively headbutt those who attack you in melee.


Message History

You are constricted.
You barely miss something. Your headbutt misses something.
You feel sick. Something hits you but does no damage.
You are constricted.
You sock something! Something hits you but does no damage.
You are constricted.
* * * LOW HITPOINT WARNING * * *
The grasping roots release their grip on you.
You hit something.
You feel sick.
You are no longer poisoned.
You redirect something's attack!
You block something's attack. Something hits you.
* * * LOW HITPOINT WARNING * * *
Something steals your amethyst potion!
You hit something. Something hits you but does no damage.
You closely miss something. Your headbutt misses something.
You hear some strange, mumbled words.
You completely miss something. Your headbutt misses something.
You hear a zap.
The roots erupt in riotous growth!
The grasping roots grab you!
You are constricted.
* * * LOW HITPOINT WARNING * * *
You sock something! Your headbutt misses something.
Maurice appears from thin air!
Reactivating autopickup.
Maurice hits you with a +0 short sword.
* * * LOW HITPOINT WARNING * * *
Maurice steals the ring "Xank" {rElec rPois rN+ Slay-2 Stlth+}!
Maurice puts on the ring "Xank" {rElec rPois rN+ Slay-2 Stlth+}.
The grasping roots constrict you.
* * * LOW HITPOINT WARNING * * *
Unknown command.
You hit Maurice.
Maurice is severely wounded.
Maurice hits you but does no damage. The grasping roots constrict you.
* * * LOW HITPOINT WARNING * * *
You block Maurice's attack. The grasping roots constrict you.
You miss Maurice.
Maurice is severely wounded.
Maurice hits you with a +0 short sword.
You die...

# #.....
....#####.#.##.## ####
......(..{....... ..#
..#######.####### #.#
######.###### ##.#
#...........# ##...
#.####.####.# #....
###.### #.### # #.†.@@# #
#####.##.
#.##.###.##.##.##.....##.
...# #.......##.....##.
#.##.###.##.##.##........
# #.....# # #.....##.
###.### #.....##.
#.####.####.##. ##...####
#...........##. #.#.#.##
######.#######.# #.#....#


You could see Maurice (fast, swift).

Vanquished Creatures
  Maggie (D:8)
  A troll (D:7)
  Prince Ribbit (D:8)
  Sigmund (D:3)
  2 yaks (D:8)
  2 water moccasins
  A hornet zombie (D:6)
  2 black bears (D:7)
  An ice beast (D:7)
  An orc warrior (D:5)
  An ogre (D:5)
  2 centaurs (D:7)
  A phantom (D:5)
  A kobold brigand (D:6)
  3 bullfrogs (D:7)
  2 necrophages
  4 scorpions
  2 water moccasin zombies (D:6)
  3 centaur zombies (D:6)
  A human zombie (D:6)
  3 hounds
  2 bullfrog zombies (D:6)
  3 orc priests
  A gnoll bouda (D:6)
  2 jellies
  Jessica (D:2)
  3 iguanas
  3 orc wizards
  2 killer bee zombies (D:6)
  10 adders
  2 shadow imps
  3 white imps
  2 ufetubi (D:5)
  A dart slug (D:2)
  A worm (D:2)
  23 orcs
  6 endoplasms
  3 giant cockroaches
  3 goblins (D:4)
  5 hobgoblins
  4 jackals (D:4)
  A quokka (D:2)
  4 ball pythons
  6 bats
  3 frilled lizards
  10 kobolds
  4 rats
144 creatures vanquished.

Vanquished Creatures (others)
  A yak (D:8)
  3 plants (D:8)
4 creatures vanquished.

Grand Total: 148 creatures vanquished

Notes
Turn   | Place    | Note
-------+----------+-------------------------------------------
     0 | D:1      | sankara the Minotaur Fighter began the quest for the Orb.
     0 | D:1      | Reached XP level 1. HP: 19/19 MP: 0/0
   257 | D:1      | Reached XP level 2. HP: 27/27 MP: 1/1
   700 | D:2      | Reached skill level 3 in Maces & Flails
   700 | D:2      | Noticed Jessica
   705 | D:2      | Killed Jessica
   706 | D:2      | Reached XP level 3. HP: 27/33 MP: 2/2
  1107 | D:2      | Reached XP level 4. HP: 38/40 MP: 3/3
  1332 | D:2      | You fall into a shaft and drop 2 floors!
  1477 | D:4      | Found a staircase to the Ecumenical Temple.
  1485 | Temple   | Entered the Ecumenical Temple
  1614 | Temple   | Became a worshipper of Ru the Awakened
  1735 | D:3      | Reached skill level 4 in Maces & Flails
  1797 | D:3      | Noticed Sigmund
  2233 | D:3      | Killed Sigmund
  2234 | D:3      | Reached skill level 5 in Maces & Flails
  2234 | D:3      | Reached XP level 5. HP: 23/47 MP: 4/4
  2449 | D:3      | Found a burning altar of Makhleb.
  2643 | D:3      | Found a faded altar of an unknown god.
  2718 | D:3      | Reached XP level 6. HP: 55/55 MP: 5/5
  2751 | D:3      | Found a hazy altar of Hepliaklqana.
  3186 | D:4      | Gained mutation: Your magical capacity is low. (-10% MP)
                  | [Ru sacrifice]
  3242 | D:4      | Reached skill level 5 in Shields
  3260 | D:4      | Reached skill level 5 in Armour
  3271 | D:4      | Reached skill level 5 in Fighting
  4144 | D:5      | Entered Level 5 of the Dungeon
  4273 | D:5      | Reached skill level 6 in Maces & Flails
  4318 | D:5      | Reached XP level 7. HP: 25/61 MP: 5/5
  4548 | D:5      | Reached skill level 7 in Maces & Flails
  4616 | D:5      | Noticed a +0 hand axe
  4616 | D:5      | Noticed a +0 hand axe
  4617 | D:5      | Found a hide-covered altar of Uskayaw.
  4661 | D:5      | Found a glowing golden altar of the Shining One.
  4703 | D:5      | Found a glowing silver altar of Zin.
  5207 | D:6      | Reached XP level 8. HP: 68/71 MP: 6/6
  5249 | D:6      | Reached skill level 8 in Maces & Flails
  5392 | D:6      | Gained mutation: You are missing an eye, making it more
                  | difficult to aim. [Ru sacrifice]
  5392 | D:6      | Reached * piety under Ru
  6006 | D:6      | Reached skill level 9 in Maces & Flails
  6269 | D:6      | Found a basalt altar of Yredelemnul.
  6407 | D:7      | Found Iletygga's Antique Armour Shop.
  6503 | D:7      | Noticed a troll
  6511 | D:7      | Killed a troll
  6512 | D:7      | Reached skill level 10 in Maces & Flails
  6512 | D:7      | Reached XP level 9. HP: 55/81 MP: 7/7
  7345 | D:7      | Reached skill level 11 in Maces & Flails
  7450 | D:7      | Found a shimmering altar of Xom.
  7553 | D:7      | Found a bloodstained altar of Trog.
  7611 | D:8      | Identified the ring "Xank" {rElec rPois rN+ Slay-2 Stlth+}
  7625 | D:8      | Found a broken altar of Ashenzari.
  7673 | D:8      | Found Desu's Antique Armour Boutique.
  7695 | D:8      | Bought a steaming chain mail for 285 gold pieces
  7695 | D:8      | Identified the +0 chain mail "Garghero" {rF- rC+ Int+4}
                  | (You bought it in a shop on level 8 of the Dungeon)
  7700 | D:8      | Noticed Maggie
  7725 | D:8      | Killed Maggie
  7726 | D:8      | Reached skill level 1 in Throwing
  8010 | D:8      | Found a snail-covered altar of Cheibriados.
  8020 | D:8      | Noticed Prince Ribbit
  8068 | D:8      | Killed Prince Ribbit
  8144 | D:8      | Found a staircase to the Lair.
  8320 | D:8      | Noticed Maurice
  8384 | D:8      | HP: 3/83 [constriction (4)]
  8385 | D:8      | Slain by Maurice

Illustrated notes

Levels and vault maps discovered:
D:1:      dpeg_arrival_boxes_within_box, layout_rooms
D:2:      layout_basic, uniq_jessica
D:3:      layout_basic, bloody_makhleb, nicolae_overflow_crystal_walls,
          shapermc_ecumenical_altar_venn, kennysheep_cross_room,
          hangedman_decor_lopped, uniq_sigmund
D:4:      layout_gridville, minmay_temple_entry_tees
D:5:      layout_cave_pools, dancing_weapons_uskayaw,
          mainiacjoe_overflow_chevrons, kennysheep_mini_moat
D:6:      layout_cave_pools, lemuel_mausoleum_altar_yredelemnul,
          minmay_statues_item, minmay_tree_intersection,
          kennysheep_windowed_goal
D:7:      layout_loops_cross, kennysheep_mini,
          mainiacjoe_overflow_cross_hatched, serial_shops,
          nicolae_stop_n_shop_2, minmay_manual_mess
D:8:      layout_loops_cross, evilmike_ruin_ashenzari, kiku_gazebo_pond_becter,
          mainiacjoe_overflow_catwalk, dpeg_oklobed_lair, serial_shops,
          nicolae_shop_overgrown_old_shop, roderic_nine_men_s_morris,
          minmay_misc_feat_pillars, uniq_prince_ribbit1, uniq_maurice,
          uniq_maggie
Temple:   hellmonk_temple_beads

Skill      XL: |  1  2  3  4  5  6  7  8  9 |
---------------+----------------------------+-----
Maces & Flails | 3 5 6 7 10 11 | 11.8
Fighting       | 4 5 6 7 9 |  9.0
Armour         | 4 5 6 7 9 |  9.0
Shields        | 4 5 |  5.0
Throwing       | 2 |  2.0

Action                   |  1- 3 |  4- 6 |  7- 9 || total
-------------------------+-------+-------+-------++-------
Melee: Flail             |    40 |   122 |   415 ||   577
       Headbutt          |     7 |    25 |    67 ||    99
Throw: Dart              |       |       |    22 ||    22
Invok: Sacrifice Essence |       |     1 |       ||     1
       Sacrifice an Eye  |       |       |     1 ||     1
Evoke: Wand              |       |       |     4 ||     4
  Use: Potion            |       |     1 |       ||     1
 Stab: Distracted        |       |     1 |       ||     1
Armor: Scale mail        |    19 |    37 |       ||    56
       Chain mail        |       |    10 |   217 ||   227
       Steam dragon scal |       |       |    16 ||    16
Dodge: Dodged            |    18 |    55 |   128 ||   201
Block: Buckler           |    10 |    33 |    98 ||   141
